 Dungeon Crawl Stone Soup version 0.31-a0-771-g505c3d19dc (console) character file.

Game seed: 16699385530518835299

94087 petzl the Thaumaturge (level 16, -30/117 HPs)
             Began as a Formicid Delver on Sept 16, 2023.
             Was a High Priest of Vehumet.
             Killed from afar by Frances (45 damage)
             ... with a shard of ice
             ... on level 14 of the Dungeon on Sept 17, 2023.
             The game lasted 03:10:14 (26100 turns).

petzl the Thaumaturge (Formicid Delver)            Turns: 26100, Time: 03:10:15

Health: -30/117    AC: 18    Str: 25    XL:     16   Next: 59%
Magic:  13/32      EV: 14    Int: 16    God:    Vehumet [*****.]
Gold:   2839       SH:  6    Dex: 13    Spells: 5/39 levels left

rFire   . . .        b - +1 longbow (flame)
rCold   . . .        y - +0 buckler {AC+3}
rNeg    . . .        A - +1 troll leather armour {Snorg}
rPois   .            (helmet unavailable)
rElec   .            W - +2 cloak
rCorr   .            C - +2 pair of gloves {Stlth+}
SInv    +            E - +2 pair of boots "Fioqir" {Str+6 Dex-2 Slay+3}
Will    ++...        H - amulet of magic regeneration
Stlth   ++++         h - +4 ring of slaying
HPRegen 1.19/turn    I - ring of willpower
MPRegen 0.63/turn

%: no passive effects
@: no status effects
A: permanent stasis, dig shafts and tunnels, antennae 3, four strong arms
a: Dig, Shaft Self, Renounce Religion


You were on level 14 of the Dungeon.
You worshipped Vehumet.
Vehumet was extremely pleased with you.
You visited 4 branches of the dungeon, and saw 22 of its levels.
You also visited: Ossuary.

You collected 3041 gold pieces.
You spent 202 gold pieces at shops.

Inventory:

Hand Weapons
 a - the +7 short sword "Xuan" {venom, rF+}
   (You found it on level 6 of the Dungeon)

   rF+:       It protects you from fire.
 b - a +1 longbow of flaming (weapon)
 c - the +10 spear of Iboiwux {holy, Will+ Str+3, !f =f}
   (You took it off a spriggan on level 11 of the Dungeon)

   Str+3:     It affects your strength (+3).
   Will+:     It increases your willpower.
 e - a +1 arbalest of freezing
 r - a +0 quarterstaff of freezing
 w - a +0 shortbow of flaming
Missiles
 i - 6 darts of dispersal
 z - 2 curare-tipped darts
 K - 5 throwing nets
 L - 20 poisoned darts
Armour
 v - a +2 robe of cold resistance
 y - a +0 buckler of protection (worn)
 A - a +1 troll leather armour (worn) {Snorg}
 C - a +2 pair of gloves of stealth (worn)
 E - the +2 pair of boots "Fioqir" (worn) {Str+6 Dex-2 Slay+3}
   (You acquired it on level 2 of the Lair of Beasts)

   Str+6:     It affects your strength (+6).
   Dex-2:     It affects your dexterity (-2).
   Slay+3:    It affects your accuracy & damage with ranged weapons and melee
   (+3).
 W - a +2 cloak (worn)
Jewellery
 h - a +4 ring of slaying (left hand)
 j - a ring of protection from cold
 k - a +4 ring of protection
 l - a ring of positive energy
 H - an amulet of magic regeneration (around neck)
 I - a ring of willpower (right hand)
Wands
 f - a wand of digging (11)
 u - a wand of flame (10)
 x - a wand of mindburst (5)
 J - a wand of charming (8)
 T - a wand of quicksilver (2)
 U - a wand of iceblast (5)
Scrolls
 d - a scroll of revelation
 m - a scroll of amnesia
 t - a scroll of enchant weapon
 M - 2 scrolls of fog
 N - 2 scrolls of fear
 Q - a scroll of identify
 Z - a scroll of poison
Potions
 g - a potion of cancellation {unknown}
 n - 6 potions of curing
 o - 4 potions of lignification
 p - 3 potions of might
 q - a potion of ambrosia
 s - 6 potions of brilliance
 B - 2 potions of invisibility
 F - 3 potions of enlightenment
 V - a potion of magic


   Skills:
 - Level 8.0 Fighting
 - Level 2.0 Short Blades
 - Level 2.0 Maces & Flails
 - Level 6.0 Ranged Weapons
 - Level 8.0 Armour
 - Level 6.0 Dodging
 - Level 8.0 Stealth
 - Level 9.0 Shields
 - Level 12.1 Spellcasting
 + Level 9.6 Conjurations
 + Level 8.5 Translocations
 * Level 8.8 Fire Magic
 - Level 8.0 Ice Magic
 * Level 8.3 Air Magic
 + Level 3.1 Earth Magic
 - Level 3.8 Poison Magic


You had 5 spell levels left.
You knew the following spells:

 Your Spells              Type           Power      Damage    Failure   Level
a - Stone Arrow           Conj/Erth      60%        3d10      1%          3
b - Iskenderun's Mystic   Conj/Tloc      38%        2d9       1%          4
c - Flame Wave            Conj/Fire      39%        2d11      1%          4
d - Plasma Beam           Fire/Air       18%        2x1d30    11%         6
e - Poisonous Vapours     Pois/Air       58%        N/A       1%          2
l - Freezing Cloud        Conj/Ice/Air   18%        6-21      2%          5
m - Mephitic Cloud        Conj/Pois/Air  33%        N/A       1%          3
p - Passage of Golubria   Tloc           37%        N/A       2%          4
A - Ozocubu's Armour      Ice            35%        N/A       1%          3

Your spell library contained the following spells:

 Spells                   Type           Power      Damage    Failure   Level
 Leda's Unmaking          Conj/Erth      15%        9d3       26%         6
 Sandblast                Erth           38%        2d10      1%          1
 Scorch                   Fire           74%        2d8       1%          2
 Ignite Poison            Fire/Tmut/Pois 23%        N/A       1%          3
 Volatile Blastmotes      Fire/Tloc      74%        2d16      1%          3
 Brom's Barrelling Bould  Conj/Erth      30%        2d5       1%          4
 Arcjolt                  Conj/Air       19%        1d29      1%          5
 Cigotuvi's Dreadful Rot  Necr/Pois/Air  44%        N/A       2%          2
 Fulminant Prism          Conj/Hex       12%        3d8       3%          4
 Passwall                 Tmut/Erth      11%        N/A       8%          2
 Irradiate                Conj/Tmut      12%        3d15      10%         5
 Wereblood                Tmut           9%         N/A       14%         2
 Silence                  Hex/Air        11%        N/A       43%         5
 Metabolic Englaciation   Hex/Ice        11%        N/A       45%         5
 Animate Dead             Necr           9%         N/A       67%         4
 Borgnjor's Vile Clutch   Necr/Erth      7%         N/A       80%         5
 Simulacrum               Ice/Necr       11%        N/A       95%         6
 Maxwell's Capacitive Co  Air            18%        ∞         98%         8
 Death Channel            Necr           4%         N/A       100%        6
 Summon Cactus Giant      Summ           4%         N/A       100%        6
 Lehudib's Crystal Spear  Conj/Erth      15%        10d5      100%        8
 Vhi's Electric Charge    Tloc/Air       Unusable   N/A       N/A         4

Dungeon Overview and Level Annotations

Branches:
Dungeon (15/15)            Temple (1/1) D:5            Lair (5/5) D:11
 Shoals (0/4) Lair:3        Snake (0/4) Lair:3        Slime (0/5) Lair:5
    Orc (1/2) D:12         Vaults (0/5) D:14        Ossuary (visited)
 Depths: D:15

Altars:
Ashenzari
Cheibriados
Dithmenos
Elyvilon
Fedhas
Gozag
Hepliaklqana
Kikubaaqudgha
Makhleb
Nemelex Xobeh
Okawaru
Qazlal
Ru
Sif Muna
Trog
Uskayaw
Vehumet
Wu Jian
Xom
Yredelemnul
Zin
The Shining One
Jiyva

Shops:
Orc:1 [

Annotations:
D:13 exclusion: downstairs
D:14 exclusion: 2 downstairs, Azrael, Frances
D:15 exclusion: sensed monster (detected)


Innate Abilities, Weirdness & Mutations

You cannot be hasted, slowed, berserked, paralysed or teleported.
You can dig through walls and to a lower floor.
You have a pair of large antennae on your head. (SInv)
Your four strong arms can wield two-handed weapons with a shield.


Message History

That beam is likely to hit you.
Continue anyway?
Frances is engulfed in freezing vapours.
Frances is engulfed in freezing vapours. x2
Casting: Freezing Cloud (dangerous; 2% risk of failure)
Confirm with . or Enter, or press ? or * to list all spells.
You erupt in a blast of force!
The mystic blast hits Frances but does no damage.
Frances is severely wounded.
Frances is no longer moving slowly.
Frances is engulfed in freezing vapours.
Frances hits you with a +0 dire flail!!
Casting: Iskenderun's Mystic Blast (mildly dangerous; 1% risk of failure)
Confirm with . or Enter, or press ? or * to list all spells.
You erupt in a blast of force!
The mystic blast hits Frances.
Frances is severely wounded.
Frances is knocked back by the mystic blast.
Frances is engulfed in freezing vapours.
Frances whispers indecipherable words.
The shard of ice hits you!!
Frances is engulfed in freezing vapours.
Frances mutters in a terrible tongue.
The shard of ice hits you!!
You are too injured to fight recklessly!
Fire: b) +1 longbow (flame)
Press: ? - help, Q - select action, (/) - cycle Shift-Dir - straight line, f - Frances
Aim: Frances, wielding a +0 dire flail and wearing a +0 chain mail (freezing vapour, almost dead, fast, poisoned, 76% to hit)
You shoot an arrow. The arrow barely misses Frances.
Frances is engulfed in freezing vapours. x2
Casting: Iskenderun's Mystic Blast (mildly dangerous; 1% risk of failure)
Confirm with . or Enter, or press ? or * to list all spells.
You erupt in a blast of force!
The mystic blast hits Frances.
Frances is almost dead.
Frances is knocked back by the mystic blast.
Frances is engulfed in freezing vapours.
Frances screams a word of power!
The shard of ice hits you!!
* * * LOW HITPOINT WARNING * * *
Frances whispers indecipherable words.
The shard of ice hits you!!!
You die...

..########....########...............
###......#....#......#...............
.........#....#......#...............
.........#....#......'....########..[
.........#....#......#....# #...
.........######......#....# #...
###..................#....# #...
#.....##########...####.# #...
#...[.#........#......#.##### #...
#.....#........#......#.....####...
###.....#........#......#............
........#........#......#...........#
#......##........#......#...........#
'......#......<..#......#....######.#
#......'.........#......#....#)...#.#
#......#.........#......#....'....#.#
#......#.........#......###..#....#.#
#......'.........#........#..#....#.#
.......#....######@.......#..#....#.#
######.##'###....°........#..####'#.#
######...........§@§§....##.........#
#...##...........☼§☼.....#..>.......#
#.>.# ....####'##☼§.....#..........#
#...# ....#§°...###.........##
##'###### #...(.+°§...#...........#
....#...# #[....#..§..#...........#
..8.'.>.# #######.....#...........#
....#...# ......#...........#
##'######### ...####...........#
#...######.######(..#.......)#####.#
#.>.##..........#####..#####.#...#.#
#...##.................# #.#...#.#
######.................# #.#...#.#
##.###.................# #.#...#.#
..#.......##########...# #.'...#.#
..#.......# #...# #.#...#)##
.{#.......# #...# #.#...#...


You could see Frances (fast, poisoned).

Vanquished Creatures
  Nessos (Lair:5)
  Josephine (D:10)
  Snorg (D:14)
  4 hydras
  Erolcha (D:11)
  Fannar (D:10)
  The ghost of GloriousHammer the Martial Artist, a journeyman OpSh of Gozag (D:11)
  A catoblepas (Lair:5)
  4 boulder beetles
  2 two-headed ogres
  3 centaur warriors
  11 death yaks
  A deep troll (D:15)
  6 skysharks
  2 large abominations (Lair:5)
  Pikel (D:5)
  9 wizards
  2 deep elf pyromancers
  10 ugly things
  8 cyclopes
  2 manticores
  A guardian serpent (D:12)
  25 elephants
  6 black mambas
  A merfolk siren (Lair:3)
  A gargoyle (D:10)
  2 smoke demons (Lair:5)
  2 kobold demonologists
  16 cane toads
  2 unseen horrors
  4 rime drakes
  5 komodo dragons
  3 merfolk (Lair:3)
  2 meliai (D:13)
  2 polar bears (Lair:5)
  4 trolls
  The ghost of Gadrel the Conjurer, an amateur HOSu (D:4)
  27 blink frogs
  2 hornets
  A raiju (Lair:5)
  11 dream sheep (Lair:4)
  19 slime creatures
  A vampire (D:10)
  4 wyverns
  2 ynoxinuls (Lair:5)
  4 spriggans
  2 shadows (D:12)
  6 wraiths
  7 basilisks
  2 fire elementals (D:14)
  A steam dragon (Lair:2)
  52 yaks
  5 humans (Lair:4)
  A chaos spawn (Lair:5)
  9 small abominations (Lair:5)
  Menkaure (D:5)
  A warg (D:12)
  4 nagas (Lair:3)
  5 acid dragons
  14 water moccasins
  3 hell hounds (D:14)
  A two-headed ogre zombie (D:12)
  5 orc warriors
  2 ice beasts (D:7)
  The ghost of Pokonic1 the Trooper, an amateur HOFi (D:3)
  2 black bears
  A sky beast (D:7)
  4 boggarts
  19 wolves
  13 centaurs
  3 ogres
  A kobold brigand (D:10)
  A phantom (D:12)
  Blork the orc (D:4)
  2 gnoll sergeants
  16 bullfrogs
  2 scorpions
  A troll zombie (D:12)
  5 wights (D:8)
  14 killer bees
  3 howler monkeys (D:10)
  5 electric eels
  8 jellies
  2 hounds
  4 orc priests
  2 sleepcaps
  2 iguanas
  Ijyb (D:4)
  5 orc wizards
  6 ogre zombies (D:12)
  11 gnolls
  5 adders
  A shadow imp (D:7)
  2 white imps
  2 ufetubi
  An adder zombie (D:4)
  6 worms
  A dart slug (D:1)
  36 orcs
  7 bats
  3 endoplasms
  2 giant cockroaches
  6 goblins
  4 hobgoblins
  2 jackals (D:3)
  12 kobolds
  7 quokkas
  4 ball pythons
  5 frilled lizards
  A goblin skeleton (D:12)
  3 goblin zombies (D:12)
  A hobgoblin skeleton (D:12)
  2 hobgoblin zombies (D:12)
  2 orc skeletons (D:12)
  16 orc zombies (D:12)
  A quokka zombie (D:4)
  7 rats
615 creatures vanquished.

Vanquished Creatures (collateral kills)
  An ugly thing (D:14)
1 creature vanquished.

Vanquished Creatures (others)
  An ugly thing (D:14)
  A meliai (D:13)
  A wraith (D:10)
3 creatures vanquished.

Grand Total: 619 creatures vanquished

Notes
Turn   | Place    | Note
-------+----------+-------------------------------------------
     0 | D:5      | petzl the Formicid Delver began the quest for the Orb.
     0 | D:5      | Reached XP level 1. HP: 18/18 MP: 1/1
    76 | D:7      | Noticed a killer bee
   111 | D:7      | Reached skill level 1 in Spellcasting
   111 | D:7      | Reached XP level 2. HP: 6/24 MP: 1/4
   191 | D:5      | Noticed a scorpion
   199 | D:5      | Found a sand-covered staircase.
   216 | Ossuary  | Entered an ossuary
   327 | D:2      | Found a shimmering altar of Xom.
   414 | D:3      | Reached skill level 2 in Spellcasting
   417 | D:3      | Found a sacrificial altar of Ru.
   440 | D:2      | HP: 1/24 [poisoned by an adder]
   586 | D:2      | Reached XP level 3. HP: 29/29 MP: 6/6
   590 | D:2      | Learned a level 3 spell: Ozocubu's Armour
   870 | D:1      | Noticed a formicid
   872 | D:1      | Noticed a vine stalker
   875 | D:1      | Noticed a human
   877 | D:1      | Noticed a demonspawn
   877 | D:1      | Noticed a human
   881 | D:1      | Noticed an octopode
   881 | D:1      | Noticed a vampire
   883 | D:1      | Noticed an octopode
   883 | D:1      | Noticed a demonspawn
   885 | D:1      | Noticed a demonspawn
   885 | D:1      | Noticed a spriggan
   887 | D:1      | Noticed an octopode
   887 | D:1      | Noticed a vine stalker
   890 | D:1      | Noticed a demonspawn
   891 | D:1      | Noticed a naga
   892 | D:1      | Noticed a vampire
   894 | D:1      | Noticed a human
   937 | D:1      | Reached skill level 3 in Spellcasting
  1338 | D:2      | Reached XP level 4. HP: 35/35 MP: 8/8
  1733 | D:3      | Found a hide-covered altar of Uskayaw.
  1884 | D:3      | Noticed Pokonic1's ghost (amateur HOFi)
  1897 | D:3      | Found a runed translucent door.
  1943 | D:3      | Reached skill level 4 in Spellcasting
  2129 | D:3      | Reached XP level 5. HP: 41/41 MP: 11/11
  2134 | D:3      | Learned a level 4 spell: Flame Wave
  2161 | D:3      | Found an ancient bone altar of Kikubaaqudgha.
  3003 | D:4      | Found a runed translucent gate.
  3003 | D:4      | Found a runed translucent gate.
  3003 | D:4      | Found a runed translucent gate.
  3003 | D:4      | Noticed Gadrel's ghost (amateur HOSu)
  3006 | D:4      | Found a basalt altar of Yredelemnul.
  3251 | D:4      | Noticed Blork the orc
  3431 | D:4      | Reached XP level 6. HP: 36/47 MP: 12/12
  3511 | D:4      | Noticed Ijyb
  3520 | D:4      | You fall into a shaft and drop 3 floors!
  3910 | D:7      | Noticed a sky beast
  3944 | D:7      | Reached skill level 1 in Ice Magic
  3964 | D:7      | Reached skill level 1 in Armour
  4035 | D:5      | Reached skill level 1 in Shields
  4035 | D:5      | Reached skill level 1 in Fire Magic
  4242 | D:5      | Found a staircase to the Ecumenical Temple.
  4251 | Temple   | Entered the Ecumenical Temple
  4273 | Temple   | Became a worshipper of Vehumet
  4366 | D:5      | Noticed Pikel
  4394 | D:5      | Killed Pikel
  4395 | D:5      | Reached skill level 1 in Conjurations
  4395 | D:5      | Reached XP level 7. HP: 43/55 MP: 12/14
  4395 | D:5      | Reached XP level 8. HP: 48/61 MP: 12/15
  4466 | D:5      | Learned a level 4 spell: Iskenderun's Mystic Blast
  4503 | D:5      | Noticed Menkaure
  4512 | D:5      | You fall into a shaft and drop 1 floor!
  4935 | D:5      | Reached skill level 5 in Spellcasting
  4935 | D:5      | Reached skill level 1 in Translocations
  5051 | D:5      | You fall into a shaft and drop 1 floor!
  5225 | D:6      | Identified the +7 short sword "Xuan" {venom, rF+}
  5229 | D:6      | Identified a scroll of acquirement
  5541 | D:6      | Found a bloodstained altar of Trog.
  5960 | D:4      | Killed Ijyb
  5992 | D:4      | Found a hazy altar of Hepliaklqana.
  6089 | D:4      | Killed Blork the orc
  6090 | D:4      | Reached XP level 9. HP: 66/67 MP: 16/16
  6289 | D:5      | Killed Menkaure
  6547 | D:7      | Reached skill level 5 in Fighting
  7152 | D:7      | Reached * piety under Vehumet
  7152 | D:7      | Offered knowledge of Magic Dart by Vehumet.
  7274 | D:8      | Noticed a kobold demonologist
  7531 | D:8      | Found a sparkling altar of Nemelex Xobeh.
  7617 | D:8      | Reached skill level 1 in Short Blades
  7649 | D:8      | Reached XP level 10. HP: 74/74 MP: 18/18
  7768 | D:8      | Found an opulent altar of Gozag.
  7846 | D:8      | Noticed a soul eater
  7849 | D:8      | Killed a kobold demonologist
  7911 | D:8      | Reached skill level 5 in Shields
  7941 | D:8      | Reached skill level 6 in Spellcasting
  8254 | D:9      | Reached skill level 5 in Conjurations
  8364 | D:9      | Found a glowing golden altar of the Shining One.
  8845 | D:9      | Offered knowledge of Static Discharge by Vehumet.
  8849 | D:9      | Reached ** piety under Vehumet
  8942 | D:9      | Noticed a two-headed ogre
  8959 | D:10     | Entered Level 10 of the Dungeon
  9206 | D:9      | Killed a two-headed ogre
  9207 | D:9      | Reached skill level 5 in Translocations
  9226 | D:9      | HP: 2/74 [acid dragon/splash of acid (13)]
  9228 | D:9      | You fall into a shaft and drop 1 floor!
  9781 | D:9      | Reached XP level 11. HP: 79/79 MP: 20/20
 10358 | D:9      | You fall into a shaft and drop 1 floor!
 10603 | D:10     | Noticed Josephine
 10667 | D:10     | Offered knowledge of Poisonous Vapours by Vehumet.
 10675 | D:10     | Learned a level 2 spell: Poisonous Vapours
 10724 | D:10     | Noticed Fannar
 11045 | D:9      | You fall into a shaft and drop 3 floors!
 11596 | D:10     | You fall into a shaft and drop 1 floor!
 11816 | D:11     | Noticed a centaur warrior
 11832 | D:11     | Killed a centaur warrior
 11833 | D:11     | Reached skill level 5 in Ice Magic
 11833 | D:11     | Reached skill level 1 in Poison Magic
 11841 | D:11     | Reached skill level 5 in Fire Magic
 12023 | D:11     | Noticed Erolcha
 12105 | D:11     | Noticed a cyclops
 12198 | D:12     | Reached *** piety under Vehumet
 12199 | D:12     | Reached skill level 1 in Air Magic
 12217 | D:12     | Learned a level 6 spell: Plasma Beam
 12411 | D:12     | Found a staircase to the Orcish Mines.
 12427 | D:12     | Offered knowledge of Mephitic Cloud by Vehumet.
 12438 | D:12     | Learned a level 3 spell: Mephitic Cloud
 12507 | Orc:1    | Entered Level 1 of the Orcish Mines
 12633 | Orc:1    | Found Ecwuc's Antique Armour Boutique.
 12641 | Orc:1    | Bought a pair of runed gloves for 202 gold pieces
 12798 | D:12     | Reached skill level 7 in Spellcasting
 13219 | D:13     | Noticed a manticore
 13257 | D:13     | Reached **** piety under Vehumet
 13357 | D:12     | Noticed a cyclops
 13464 | D:13     | Identified the +1 trident "Quadeig" {drain, rC+ Str+3}
 13523 | D:15     | Entered Level 15 of the Dungeon
 13616 | D:15     | Noticed a brown ugly thing
 13647 | D:13     | Noticed a cyclops
 13734 | D:14     | Noticed a cyclops
 13765 | D:14     | Noticed a green ugly thing
 13785 | D:14     | Noticed a green ugly thing
 13786 | D:14     | Noticed a green ugly thing
 13786 | D:14     | Noticed a green ugly thing
 13787 | D:14     | Noticed a green ugly thing
 13787 | D:14     | Noticed a green ugly thing
 13802 | D:14     | Killed a green ugly thing
 13867 | D:13     | Noticed a six-headed hydra
 13947 | D:13     | Noticed a five-headed hydra
 14179 | D:12     | You fall into a shaft and drop 1 floor!
 14288 | D:13     | Noticed a cyclops
 14404 | D:12     | You fall into a shaft and drop 2 floors!
 14485 | D:14     | You fall into a shaft and drop 1 floor!
 14545 | D:15     | Noticed a centaur warrior
 14555 | D:15     | Killed a centaur warrior
 14556 | D:15     | Reached XP level 12. HP: 69/86 MP: 21/23
 14785 | D:15     | Noticed a centaur warrior
 14821 | D:15     | Reached skill level 8 in Spellcasting
 14825 | D:15     | Killed a centaur warrior
 14848 | D:15     | Offered knowledge of Frozen Ramparts by Vehumet.
 15043 | D:15     | Reached skill level 9 in Spellcasting
 15179 | D:15     | Noticed a deep troll
 15235 | D:15     | Reached skill level 10 in Spellcasting
 15393 | D:15     | Noticed a deep troll
 15458 | D:15     | Killed a deep troll
 15474 | D:15     | Noticed a catoblepas
 15505 | D:15     | Reached skill level 11 in Spellcasting
 15506 | D:15     | Noticed a six-headed hydra
 15672 | D:14     | Reached XP level 13. HP: 57/91 MP: 28/28
 15686 | D:14     | Reached skill level 12 in Spellcasting
 15722 | D:14     | Learned a level 5 spell: Freezing Cloud
 15790 | D:13     | Killed a six-headed hydra
 15985 | D:13     | Killed a five-headed hydra
 16056 | D:13     | Reached skill level 5 in Armour
 16517 | D:11     | Found a runed translucent door.
 16521 | D:11     | Noticed GloriousHammer's ghost (journeyman OpSh)
 16521 | D:11     | Identified the +10 spear of Iboiwux {holy, Will+ Str+3}
 17047 | D:11     | Found a staircase to the Lair.
 17059 | Lair:1   | Entered Level 1 of the Lair of Beasts
 17148 | Lair:1   | Learned a level 4 spell: Passage of Golubria
 17271 | Lair:1   | Reached ***** piety under Vehumet
 17272 | Lair:1   | Reached skill level 5 in Air Magic
 17272 | Lair:1   | Offered knowledge of Spellforged Servitor by Vehumet.
 18406 | Lair:3   | Reached XP level 14. HP: 90/100 MP: 25/30
 18841 | Lair:2   | Acquired 585 gold pieces
 18848 | Lair:2   | Acquired 682 gold pieces
 18850 | Lair:2   | Acquired the +2 pair of boots "Fioqir" {Str+6 Dex-2 Slay+3}
 18894 | Lair:2   | Reached skill level 1 in Ranged Weapons
 19487 | Lair:3   | Identified the +1 robe of Fun and Games {rF+ rCorr Dex-3}
 19666 | Lair:3   | Found a staircase to the Shoals.
 19766 | Lair:3   | Found a staircase to the Snake Pit.
 20160 | Lair:4   | Reached skill level 5 in Dodging
 20341 | Lair:4   | Reached XP level 15. HP: 108/108 MP: 27/31
 20341 | Lair:4   | Offered knowledge of Iskenderun's Battlesphere by Vehumet.
 21329 | Lair:5   | Entered Level 5 of the Lair of Beasts
 21468 | Lair:5   | Reached skill level 5 in Ranged Weapons
 21583 | Lair:5   | Noticed Nessos
 21683 | Lair:5   | Found a staircase to the Slime Pits.
 21683 | Lair:5   | Found a viscous altar of Jiyva.
 22483 | Lair:5   | Killed Nessos
 22907 | Lair:5   | Offered knowledge of Leda's Unmaking by Vehumet.
 22933 | Lair:5   | Identified the amulet of Xoatieng {Spirit -Tele rF+ Dex+3}
 22975 | Lair:5   | Reached XP level 16. HP: 117/117 MP: 30/32
 23214 | Lair:4   | You fall into a shaft and drop 1 floor!
 23614 | D:11     | Learned a level 3 spell: Stone Arrow
 23841 | D:11     | Killed Erolcha
 24064 | D:3      | Killed Pokonic1's ghost
 24170 | D:4      | Killed Gadrel's ghost
 24447 | D:10     | Killed Josephine
 24458 | D:10     | Reached skill level 1 in Earth Magic
 24459 | D:10     | Killed Fannar
 24934 | D:11     | Killed GloriousHammer's ghost
 25404 | D:14     | Noticed Azrael
 25701 | D:14     | Noticed Snorg
 25708 | D:14     | Killed Snorg
 25911 | D:14     | Found a gate to the Vaults.
 26083 | D:14     | Noticed Frances
 26100 | D:14     | Killed from afar by Frances

Illustrated notes

Levels and vault maps discovered:
D:1:      shiori_arrival_whats_in_store_for_you, layout_rooms, minmay_hedge_maze
D:2:      layout_loops_cross, basic_altar
D:3:      layout_loops_corners, mainiacjoe_overflow_alcove_2,
          amcnicky_altar_gilded, mainiacjoe_overflow_catwalk,
          hellmonk_ghost_happy_afterlife, eino_tiny_chamber, nicolae_wormholes
D:4:      layout_gridville, nicolae_yredelemnul_ghost_church,
          nicolae_hepliaklqana_hippocampus, due_unseen_surprise,
          uniq_blork_the_orc, uniq_ijyb
D:5:      layout_loops_ring, minmay_temple_entry_trees, enter_ossuary_1,
          uniq_pikel, uniq_menkaure
D:6:      layout_loops_ring, lemuel_round_altar, nicolae_titane
D:7:      layout_basic
D:8:      layout_basic, nemelex_spade_bored_becter,
          nicolae_overflow_hidden_temple, st_stairs_11, item_on_display_a
D:9:      layout_basic, tso_metal_star
D:10:     layout_long_grid, dk_vineyard_1, amethyst_killhole, uniq_josephine,
          uniq_fannar
D:11:     layout_gridville, lair_entry_dummy, ebering_ghost_funeral_grove,
          uniq_erolcha
D:12:     minmay_wizard_corner, layout_rooms, zombieorc2_lemuel,
          minmay_crystal_room, nrook_guardian_serpent_ordinary
D:13:     layout_basic, minmay_misc_feat_rows
D:14:     layout_irregular_city, david_vaults_1, nicolae_elevator_lobby_plus,
          uniq_frances, uniq_snorg, uniq_azrael
D:15:     hangedman_depths_entry_civil_slaughter, layout_loops_ring,
          hangedman_abyss_or_decor_lesser_grid
Temple:   nicolae_temple_figure_eight
Lair:1:   layout_cave_pods
Lair:2:   layout_long_grid, serial_bayou_shore_b, grunt_megastairs_1,
          infiniplex_staircase_pool
Lair:3:   layout_regular_city, elwin_shoals_entry_stream,
          minmay_snake_entry_guardpost_small, minivault_19
Lair:4:   slaughterhouse, layout_regular_city, grunt_megastairs_3
Lair:5:   hellmonk_lair_end_abyssal_woods, layout_big_grid,
          nicolae_slime_entry_field_trip, uniq_nessos
Orc:1:    layout_diamond_mine, serial_shops, shop_coins,
          nicolae_shop_tiny_waterfront, shop, nicolae_shop_peninsula

Skill      XL: |  1  2  3  4  5  6  7  8  9 10 11 12 13 14 15 16 |
---------------+-------------------------------------------------+-----
Spellcasting   | 1 2 3 4 5 6 7 11 12 | 12.1
Dodging        | 2 3 4 5 6 |  6.0
Ice Magic      | 2 3 4 5 6 7 8 |  8.0
Armour         | 2 3 4 6 7 8 |  8.0
Shields        | 2 3 4 6 7 8 9 |  9.0
Fire Magic     | 2 3 4 5 7 8 |  8.8
Fighting       | 4 5 6 7 8 |  8.0
Conjurations   | 1 2 4 5 6 7 8 9 |  9.6
Translocations | 2 3 5 6 8 |  8.5
Stealth        | 7 8 |  8.0
Short Blades   | 1 2 |  2.0
Poison Magic   | 3 |  3.8
Air Magic      | 2 4 5 7 8 |  8.3
Ranged Weapons | 3 6 |  6.0
Earth Magic    | 3 |  3.1
Maces & Flails | |  2.0

Action                     |  1- 3 |  4- 6 |  7- 9 | 10-12 | 13-15 | 16-18 || total
---------------------------+-------+-------+-------+-------+-------+-------++-------
  Melee: Mace              |    66 |   136 |       |       |       |       ||   202
         Punch             |       |     1 |       |       |       |       ||     1
         Hand axe          |       |    29 |    23 |       |       |       ||    52
         Short sword       |       |       |   128 |   375 |    67 |     6 ||   576
         Spear             |       |       |       |       |       |    17 ||    17
   Fire: Orcbow            |       |       |     9 |    64 |       |       ||    73
         Arbalest          |       |       |       |   114 |   274 |     9 ||   397
         Shortbow          |       |       |       |     3 |       |       ||     3
         Longbow           |       |       |       |       |    42 |    66 ||   108
  Throw: Dart              |       |     6 |    10 |     1 |       |     2 ||    19
   Cast: Iskenderun's Myst |       |       |       |    96 |   115 |    19 ||   230
         Mephitic Cloud    |       |       |       |    37 |     9 |       ||    46
         Poisonous Vapours |       |       |       |     3 |       |       ||     3
         Ozocubu's Armour  |       |       |       |     2 |     2 |     1 ||     5
         Flame Wave        |       |       |       |     1 |       |       ||     1
         Freezing Cloud    |       |       |       |       |   188 |    52 ||   240
         Stone Arrow       |       |       |       |       |       |    12 ||    12
         Passage of Golubr |       |       |       |       |       |     4 ||     4
         Plasma Beam       |       |       |       |       |       |     4 ||     4
Ability: Dig               |       |     1 |     1 |     5 |       |       ||     7
         Shaft Self        |       |     1 |     2 |     7 |       |     1 ||    11
  Evoke: Wand              |       |       |     2 |    16 |     3 |       ||    21
    Use: Scroll            |     1 |       |     6 |     8 |     4 |     3 ||    22
         Potion            |       |       |       |    10 |     5 |     2 ||    17
   Stab: Sleeping          |     7 |    11 |     9 |     6 |     1 |       ||    34
         Distracted        |     2 |       |       |     2 |       |       ||     4
         Confused          |       |       |       |     6 |     2 |       ||     8
         Invisible         |       |       |       |     3 |     4 |       ||     7
 Armour: Leather armour    |     4 |       |       |       |       |       ||     4
         Ring mail         |    30 |   109 |    75 |   207 |       |       ||   421
         Troll leather arm |       |       |       |    67 |   117 |    46 ||   230
  Dodge: Dodged            |    28 |    82 |    89 |   339 |   158 |    19 ||   715
  Block: Buckler           |       |    12 |    29 |   133 |    65 |    13 ||   252

Table legend: (Time is in decaauts)
 A = Elapsed time spent in this place.
 B = Non-inter-level travel time spent in this place.
 C = Inter-level travel time spent in this place.
 D = Time resting spent in this place.
 E = Time spent auto-exploring this place.
 F = Levels seen in this place.
 G = Mean time per level.
                   A        B        C        D        E       F      G
               +--------+--------+--------+--------+--------+-----+--------+
         Total |  26575 |  24021 |   2554 |   3909 |   9509 |  23 | 1155.4 |
       Dungeon |  19782 |  18030 |   1752 |   3332 |   6649 |  15 | 1318.8 |
        Temple |     40 |      4 |     36 |      0 |      0 |   1 |   40.0 |
          Lair |   6515 |   5749 |    766 |    577 |   2736 |   5 | 1303.0 |
  Orcish Mines |    222 |    222 |      0 |      0 |    124 |   1 |  222.0 |
       Ossuary |     14 |     14 |      0 |      0 |      0 |   1 |   14.0 |
               +--------+--------+--------+--------+--------+-----+--------+

Top non-repeatable levels by time:
     D:9: 2057 daAuts
    D:11: 1971 daAuts
    D:12: 1833 daAuts
    D:10: 1598 daAuts
  Lair:5: 1571 daAuts
     D:7: 1487 daAuts
  Lair:4: 1486 daAuts
     D:3: 1400 daAuts
  Lair:1: 1301 daAuts
    D:14: 1298 daAuts
  Lair:3: 1263 daAuts
     D:5: 1244 daAuts
    D:13: 1171 daAuts
     D:6: 1137 daAuts
    D:15: 1118 daAuts
